 Dungeon Sprint DCSS version 0.31-a0-876-gfe8ebadbca (webtiles) character file.

Game seed: 4426906265343113073

175 rocky1 the Slasher (level 5, -4/42 HPs)
             Began as a Djinni Gladiator on Oct 14, 2023.
             Slain by a necrophage (7 damage)
             ... in the Dungeon (Sprint II: "The Violet Keep of Menkaure").
             The game lasted 00:00:38 (46 turns).

rocky1 the Slasher (Djinni Gladiator)                 Turns: 46, Time: 00:00:38

Health: -4/42      AC:  4    Str: 13    XL:     5   Next: 85%
Gold:   0          EV: 14    Int:  9    God:
                   SH:  0    Dex: 17

rFire   + + .        a - +0 long sword
rCold   x . .        (no shield)
rNeg    . . .        b - +0 leather armour
rPois   ∞            c - +0 helmet
rElec   .            (no cloak)
rCorr   .            (no gloves)
SInv    .            (boots unavailable)
Will    .....        (no amulet)
Stlth   +            (no ring)
HPRegen 0.27/turn    (no ring)
MPRegen 0.00/turn

%: no teleportation, infuse magic (-5 HP)
@: on berserk cooldown, flying, hasted and slowed
A: sickness immunity, fire resistance 2, cold vulnerability 1, float, innate
caster, HP casting, extra vitality 1
a: no special abilities


You were in the Dungeon.
You visited 1 branch

Inventory:

Hand Weapons
 a - a +0 long sword (weapon)
Missiles
 d - 3 throwing nets (quivered)
 e - a javelin
Armour
 b - a +0 leather armour (worn)
 c - a +0 helmet (worn)
Scrolls
 j - a scroll of blinking


   Skills:
 * Level 4.7 Fighting
 * Level 7.5 Long Blades
 - Level 1.5 Throwing
 * Level 4.1 Armour
 + Level 5.8 Dodging


You knew the following spells:

 Your Spells              Type           Power      Damage    Failure   Level
a - Kiss of Death         Conj/Necr      0%         2d5       45%         1
b - Poisonous Vapours     Pois/Air       0%         N/A       58%         2
Your spell library was empty.

Dungeon Overview and Level Annotations

Branches:
Dungeon (1/1)

Altars:

Annotations:
D Menkaure


Innate Abilities, Weirdness & Mutations

You are immune to sickness and miasma.
You are immune to poison.
Your flesh is very heat resistant. (rF++)
You are vulnerable to cold. (rC-)
You float through the air rather than walking.
You learn spells naturally, not from books.
Your magical power is your life essence.
You have superior vitality. (+4 MHP)


Message History

You feel better. The necrophage misses you.
You feel yourself speed up.
The necrophage hits you but does no damage.
Menkaure casts a spell.
Menkaure seems to speed up.
The necrophage closely misses you.
You completely miss the necrophage.
The necrophage is severely damaged.
Menkaure calls on the powers of darkness!
Your body is wracked with pain!
* * * LOW HITPOINT WARNING * * *
The necrophage misses you.
You hear an angry hiss.
You closely miss the necrophage.
The necrophage is severely damaged.
A water moccasin comes into view.
The necrophage misses you.
Unknown command.
The water moccasin hisses angrily.
You slash the necrophage!
You destroy the necrophage!
Your Long Blades skill increases to level 7!
Your Armour skill increases to level 4!
You hit the necrophage.
The necrophage is lightly damaged.
The necrophage hits you.
* * * LOW HITPOINT WARNING * * *
You slash the necrophage!
The necrophage is heavily damaged.
The necrophage hits you.
* * * LOW HITPOINT WARNING * * *
You closely miss the necrophage.
The necrophage is heavily damaged.
The necrophage hits you but does no damage.
You closely miss the necrophage.
The necrophage is heavily damaged.
The necrophage hits you but does no damage.
You barely miss the necrophage.
The necrophage is heavily damaged.
The necrophage hits you!
You die...

# #+# .##
##.##SM.#
+.<@n# §
##.##...#
#+# .## #


You could see a water moccasin, a necrophage and Menkaure (fast).

Vanquished Creatures
  3 necrophages (D)
3 creatures vanquished.

Notes
Turn   | Place    | Note
-------+----------+-------------------------------------------
     0 | D        | rocky1 the Djinni Gladiator began the quest for the Orb.
     0 | D        | Reached XP level 1. HP: 18/18 MP: 0/0
     1 | D        | Noticed a necrophage
     1 | D        | Noticed a necrophage
     1 | D        | Noticed a necrophage
     1 | D        | Noticed a necrophage
    10 | D        | Killed a necrophage
    11 | D        | Reached skill level 5 in Long Blades
    11 | D        | Reached XP level 2. HP: 25/25 MP: 0/0
    11 | D        | Reached XP level 3. HP: 30/30 MP: 0/0
    11 | D        | Learned a level 1 spell: Kiss of Death
    11 | D        | Reached XP level 4. HP: 35/35 MP: 0/0
    25 | D        | Noticed Menkaure
    29 | D        | Killed a necrophage
    30 | D        | Reached skill level 6 in Long Blades
    30 | D        | Reached skill level 5 in Dodging
    30 | D        | Reached XP level 5. HP: 21/41 MP: 0/0
    30 | D        | Learned a level 2 spell: Poisonous Vapours
    40 | D        | Noticed a water moccasin
    42 | D        | Reached skill level 7 in Long Blades
    46 | D        | Slain by a necrophage

Illustrated notes

Levels and vault maps discovered:
D:        the_violet_keep_of_menkaure [sprint2_stairs_cluster_1,
          sprint2_shoproom, sprint2_temple, sprint2_basic_supplies,
          sprint2_obstacle_6, sprint2_obstacle_5, sprint2_obstacle_4,
          sprint2_obstacle_2, sprint2_obstacle_1, sprint2_timed_cluster_1,
          sprint2_smallroom_cluster_1, sprint2_smallroom_final_cluster_1,
          sprint2_transparent_cluster_1, sprint2_second_timed_cluster_1,
          sprint2_sniper_area_1, sprint2_heavy_combat_area_1,
          sprint2_mutation_trap_area_1, sprint2_forest_area_1,
          sprint2_light_combat_area_1, sprint2_behind_water_1,
          sprint2_near_end_vault_1]

Skill      XL: |  1  2  3  4  5 |
---------------+----------------+-----
Fighting       | 3 4 |  4.7
Long Blades    | 5 6 7 |  7.5
Armour         | 2 3 4 |  4.1
Dodging        | 4 5 |  5.8
Throwing       | |  1.5

Action                     |  1- 3 |  4- 6 || total
---------------------------+-------+-------++-------
  Melee: Long sword        |     8 |    32 ||    40
    Use: Potion            |     1 |     3 ||     4
 Armour: Leather armour    |     4 |    22 ||    26
  Dodge: Dodged            |     2 |    22 ||    24

Table legend: (Time is in decaauts)
 A = Elapsed time spent in this place.
 B = Non-inter-level travel time spent in this place.
 C = Inter-level travel time spent in this place.
 D = Time resting spent in this place.
 E = Time spent auto-exploring this place.
 F = Levels seen in this place.
 G = Mean time per level.
                   A        B        C        D        E       F      G
               +--------+--------+--------+--------+--------+-----+--------+
         Total |     55 |     55 |      0 |      0 |      0 |   1 |   55.0 |
       Dungeon |     55 |     55 |      0 |      0 |      0 |   1 |   55.0 |
               +--------+--------+--------+--------+--------+-----+--------+

Top non-repeatable levels by time:
       D: 55 daAuts
